 Dungeon Crawl Stone Soup version 0.30.0-17-ge0270778cf (webtiles) character file.

Game seed: 7361654982647403214

41266 cdecastro the Summoner (level 13, -9/72 HPs)
             Began as a Deep Elf Ice Elementalist on May 22, 2023.
             Was a High Priest of Kikubaaqudgha.
             Killed from afar by Azrael (26 damage)
             ... with damnation
             ... on level 14 of the Dungeon.
             The game lasted 01:17:45 (16949 turns).

cdecastro the Summoner (Deep Elf Ice Elementalist) Turns: 16949, Time: 01:17:45

Health: -9/72      AC: 14    Str: 10    XL:     13   Next: 79%
Magic:  7/29       EV: 21    Int: 26    God:    Kikubaaqudgha [*****.]
Gold:   590        SH:  0    Dex: 15    Spells: 3/32 levels left

rFire   . . .        I - +0 trident (protect)
rCold   . . .        (no shield)
rNeg    . . .        K - +3 leather armour {Will+}
rPois   +            q - +1 helmet
rElec   .            M - +2 cloak "Kuddinegiz" {Str+5}
rCorr   .            G - +1 pair of gloves
SInv    .            r - +0 pair of boots
Will    ++...        j - amulet of regeneration
Stlth   ++           c - ring of poison resistance
HPRegen 1.12/turn    z - +5 ring of evasion
MPRegen 0.21/turn

%: no passive effects
@: animating dead
A: no striking features
a: Renounce Religion, Unearth Wretches, Torment


You were on level 14 of the Dungeon.
You worshipped Kikubaaqudgha.
Kikubaaqudgha was extremely pleased with you.
You visited 2 branches of the dungeon, and saw 15 of its levels.
You also visited: Ossuary, Bailey and Gauntlet.

You collected 806 gold pieces.
You spent 216 gold pieces at shops.

Inventory:

Hand Weapons
 I - a +0 trident of protection (weapon)
 P - a +4 short sword
 R - a +4 long sword
 Y - a +3 rapier of speed
Missiles
 l - 2 throwing nets
Armour
 q - a +1 helmet (worn)
 r - a +0 pair of boots (worn)
 G - a +1 pair of gloves (worn)
 H - a +2 robe of willpower
 K - a +3 leather armour of willpower (worn)
 L - a +3 leather armour of fire resistance
 M - the +2 cloak "Kuddinegiz" (worn) {Str+5}
   (You found it in a bailey)

   Str:       It affects your strength (+5).
 U - a +2 robe of cold resistance
Magical Staves
 N - a staff of conjuration
 Q - a staff of fire
 S - a staff of cold
Jewellery
 c - a ring of poison resistance (left hand)
 j - an amulet of regeneration (around neck)
 k - a +6 ring of intelligence
 v - an amulet of guardian spirit
 z - a +5 ring of evasion (right hand)
 C - a ring of protection from cold
 W - a +6 ring of intelligence
Wands
 F - a wand of roots (15)
 O - a wand of charming (13)
 T - a wand of digging (7)
 Z - a wand of acid (2)
Scrolls
 a - a scroll of enchant armour
 d - 2 scrolls of fog
 g - 11 scrolls of teleportation {unknown}
 m - a scroll of silence
 n - 3 scrolls of enchant weapon {unknown}
 p - a scroll of acquirement
 t - 4 scrolls of poison {unknown}
 y - a scroll of fear
 A - 3 scrolls of blinking
 B - 4 scrolls of amnesia {unknown}
 J - 2 scrolls of vulnerability
 V - a scroll of butterflies
 X - a scroll of brand weapon
Potions
 b - a potion of magic
 e - 5 potions of might
 f - 6 potions of curing
 h - 9 potions of lignification
 i - 6 potions of heal wounds
 o - a potion of ambrosia
 s - 3 potions of cancellation
 u - 4 potions of haste
 w - 4 potions of mutation
 x - 2 potions of attraction
 D - 2 potions of invisibility
 E - 3 potions of brilliance


   Skills:
 - Level 5.0 Fighting
 - Level 5.0 Short Blades
 - Level 10.0 Dodging
 - Level 2.4 Stealth
 - Level 10.0 Spellcasting
 - Level 13.3 Summonings
 - Level 13.0 Necromancy
 + Level 12.8 Ice Magic


You had 3 spell levels left.
You knew the following spells:

 Your Spells              Type           Power      Damage    Failure   Level
a - Freeze                Ice            100%       1d10      1%          1
b - Frozen Ramparts       Ice            100%       1d16      1%          3
c - Ozocubu's Armour      Ice            68%        N/A       1%          3
d - Summon Ice Beast      Ice/Summ       69%        N/A       1%          4
e - Call Canine Familiar  Summ           70%        N/A       1%          3
f - Necrotise             Necr           100%       1d9       1%          1
g - Kiss of Death         Conj/Necr      100%       2d13      1%          1
h - Vampiric Draining     Necr           69%        2d10      1%          3
i - Animate Dead          Necr           69%        N/A       1%          4
j - Summon Cactus Giant   Summ           35%        N/A       4%          6

Your spell library contained the following spells:

 Spells                   Type           Power      Damage    Failure   Level
 Summon Small Mammal      Summ           100%       N/A       1%          1
 Cigotuvi's Dreadful Rot  Necr/Pois/Air  70%        N/A       1%          2
 Summon Guardian Golem    Hex/Summ       47%        N/A       1%          3
 Apportation              Tloc           26%        N/A       6%          1
 Sandblast                Erth           26%        2d8       6%          1
 Slow                     Hex            52%        N/A       6%          1
 Blink                    Tloc           26%        N/A       10%         2
 Lesser Beckoning         Tloc           26%        N/A       10%         2
 Momentum Strike          Conj/Tloc      26%        3d8       10%         2
 Passwall                 Tmut/Erth      10%        N/A       10%         2
 Poisonous Vapours        Pois/Air       26%        N/A       10%         2
 Scorch                   Fire           26%        2d6       10%         2
 Static Discharge         Conj/Air       26%        2-4/arc   10%         2
 Confusing Touch          Hex            13%        N/A       19%         3
 Gell's Gravitas          Tloc           13%        N/A       19%         3
 Ignite Poison            Fire/Tmut/Pois 13%        N/A       19%         3
 Inner Flame              Hex/Fire       13%        N/A       19%         3
 Mephitic Cloud           Conj/Pois/Air  13%        N/A       19%         3
 Stone Arrow              Conj/Erth      26%        3d8       19%         3
 Teleport Other           Tloc           13%        N/A       19%         3
 Agony                    Necr           69%        N/A       1%          5
 Anguish                  Hex/Necr       23%        N/A       4%          4
 Summon Lightning Spire   Summ/Air       47%        N/A       4%          4
 Simulacrum               Ice/Necr       34%        N/A       4%          6
 Borgnjor's Vile Clutch   Necr/Erth      23%        N/A       12%         5
 Freezing Cloud           Conj/Ice/Air   17%        6-21      30%         5
 Airstrike                Air            6%         2d(1-17)  52%         4
 Flame Wave               Conj/Fire      13%        2d6       52%         4
 Leda's Liquefaction      Hex/Erth       6%         N/A       52%         4
 Lee's Rapid Deconstruct  Erth           6%         3d6*      86%         5
 Yara's Violent Unravell  Hex/Tmut       6%         3d5       86%         5
 Dispersal                Tloc           6%         N/A       100%        6
 Statue Form              Tmut/Erth      8%         N/A       100%        6
 Enfeeble                 Hex            6%         N/A       100%        7


Dungeon Overview and Level Annotations

Branches:
Dungeon (14/15)            Temple (0/1) D:4            Lair (1/5) D:10
    Orc (0/2) D:9          Vaults (0/5) D:13        Ossuary (visited)
 Bailey (visited)         Gauntlet (visited)

Altars:
Cheibriados
Dithmenos
Fedhas
Kikubaaqudgha
Nemelex Xobeh
Qazlal
Ru
Uskayaw
Lugonu

Shops:
D:1 !   D:4 !   D:11 *   D:12 [

Annotations:
D:6 exclusion: oklob plant
D:8 2 transporters, Gastronok; GreenGuy14's ghost, novice MiFi
D:14 Azrael; Roxanne


Message History

Your hell hound zombie misses the hell hound.
The hell hound misses your ice beast.
The hell hound closely misses your hell hound zombie.
Your hell hound zombie closely misses the hell hound.
Your ice beast barely misses the hell hound.
Unknown command.
What are your orders? t - Shout!
Orders for allies: a - Attack new target. r - Retreat! s - Stop attacking. g - Guard the area. f - Follow me.
Anything else - Cancel.
Guard this area!
The hell hound bites your ice beast but does no damage.
The hell hound bites your hell hound zombie.
Your hell hound zombie bites the hell hound.
The hell hound bites your ice beast!
The hell hound bites your hell hound zombie!
Your ice beast closely misses the hell hound.
Unknown command.
The hell hound bites your hell hound zombie!
Your ice beast hits the hell hound but does no damage.
Azrael blows smoke rings.
Unknown command.
The hell hound bites your ice beast.
Unknown command.
The hell hound bites your ice beast! The hell hound bites your ice beast!
Your ice beast dies!
Your ice beast disappears in a puff of smoke!
Something hits your cactus giant!! Something burns your cactus giant.
Unknown command.
Something bites your hell hound zombie.
Something bites your hell hound zombie but does no damage.
Something bites your hell hound zombie!
Your hell hound zombie is destroyed!
Azrael gestures at you.
The sphere of damnation explodes!
The damnation engulfs you!!
You die...
Kikubaaqudgha rasps: "You have failed me!
Welcome... death!"

....°..#...P####.....#
.....°.♣......##.....#
....○..'.......#.....#
....○.h'.§§....##....#...
...#.°..§......#.†...'...
..#..○P..§.P§..#..####...
...~...#)...###~.........
....#○##...##.#.♣........
#'#.#.○#♣.h.#...@........
...~...°###.#...#........
.......#○.#.hh...........
.....#.##RCP.#########...
######.............. ...
##########..... .. ....
... ..


You could see Azrael, 2 hell hounds and a friendly cactus giant (summoned,
wandering).

Vanquished Creatures
  A minotaur (Gauntlet)
  Snorg (D:10)
  3 two-headed ogres (D:10)
  Sonja (D:11)
  A necromancer (Gauntlet)
  A deep elf pyromancer (D:13)
  2 cyclopes (D:13)
  A nameless horror (D:13)
  An unseen horror (D:12)
  A meliai (D:14)
  4 trolls
  A vampire (Bailey)
  2 wyverns
  A basilisk (D:11)
  4 yaks (D:9)
  6 vampire mosquitoes
  An acid dragon (D:8)
  2 sky beasts
  2 black bears
  8 orc warriors
  2 ogres
  A centaur (D:10)
  6 wolves (Gauntlet)
  A kobold brigand (D:6)
  4 bullfrogs
  A water moccasin zombie (Ossuary)
  3 scorpions
  3 wights (D:9)
  17 killer bees
  7 vampire bats (Bailey)
  6 howler monkeys
  A centaur zombie (Ossuary)
  A bullfrog zombie (Ossuary)
  A hound (D:6)
  7 jellies (D:6)
  8 orc priests
  An iguana (D:5)
  A scorpion zombie (Ossuary)
  4 orc wizards
  20 gnolls
  9 adders
  A worm (D:4)
  A dart slug (D:2)
  21 orcs
  6 ball pythons
  15 endoplasms
  3 giant cockroaches
  A gnoll zombie (Ossuary)
  5 hobgoblins
  4 jackals (D:1)
  12 kobolds
  3 quokkas
  8 bats
  4 frilled lizards
  11 goblins
  2 goblin zombies (Ossuary)
  An orc zombie (Bailey)
  4 rats
250 creatures vanquished.

Vanquished Creatures (collateral kills)
  Fannar (D:10)
  An ogre mage (D:13)
  6 two-headed ogres
  A centaur warrior (D:14)
  3 boulder beetles
  A thrashing horror (Gauntlet)
  A necromancer (Gauntlet)
  An ugly thing (D:13)
  A deep elf pyromancer (D:13)
  Maurice (D:13)
  An elephant (D:10)
  3 gargoyles
  An unseen horror (D:11)
  4 kobold demonologists
  A minotaur zombie (Gauntlet)
  2 meliai (D:14)
  4 trolls
  A shadow (D:12)
  2 small abominations (Gauntlet)
  2 water elementals (D:11)
  3 wraiths
  2 yaks (D:9)
  A fire elemental (D:14)
  7 vampire mosquitoes
  A basilisk (D:10)
  A steam dragon (D:8)
  A hell hound (D:14)
  2 ice beasts
  An orc warrior (D:9)
  5 wolves (Gauntlet)
  A centaur (D:10)
  A bullfrog (D:6)
  2 earth elementals (D:11)
  7 wights
  4 killer bees
  A vampire bat (Bailey)
  A nameless horror (Bailey)
  2 electric eels
  6 wolf zombies (Bailey)
  A bullfrog zombie (Ossuary)
  2 human zombies (Ossuary)
  3 centaur zombies (Ossuary)
  A gnoll bouda (D:7)
  2 iguanas
  4 orc wizards (D:9)
  2 gnolls (D:7)
  An adder (D:5)
  3 ufetubi
  An adder zombie (Ossuary)
  5 orcs (D:9)
  A gnoll zombie (Ossuary)
  2 goblin zombies (Ossuary)
  3 hobgoblin zombies (Ossuary)
  22 orc zombies
140 creatures vanquished.

Vanquished Creatures (others)
  A human zombie (Gauntlet)
  3 vampire mosquito zombies
  A hell hound zombie (D:14)
  2 yak zombies (D:9)
  4 wolf zombies (Gauntlet)
  A kobold zombie (D:14)
  9 killer bee zombies
  3 orc zombies (D:10)
24 creatures vanquished.

Grand Total: 414 creatures vanquished

Notes
Turn   | Place    | Note
-------+----------+-------------------------------------------
     0 | D:1      | cdecastro the Deep Elf Ice Elementalist began the quest for
                  | the Orb.
     0 | D:1      | Reached XP level 1. HP: 10/10 MP: 6/6
    23 | D:1      | Found Liexoac's Distillery.
   207 | D:1      | Reached XP level 2. HP: 11/15 MP: 5/8
   460 | D:1      | Reached skill level 5 in Ice Magic
   678 | D:1      | Reached XP level 3. HP: 19/19 MP: 2/10
  1096 | D:2      | Learned a level 3 spell: Frozen Ramparts
  1100 | D:2      | Learned a level 3 spell: Ozocubu's Armour
  1226 | D:2      | Found a stormy altar of Qazlal.
  1684 | D:2      | You fall into a shaft and drop 1 floor!
  1698 | D:3      | Found an ancient bone altar of Kikubaaqudgha.
  1853 | D:3      | Reached XP level 4. HP: 16/24 MP: 8/12
  2330 | D:3      | Found a sparkling altar of Nemelex Xobeh.
  2336 | D:3      | Learned a level 4 spell: Summon Ice Beast
  2661 | D:3      | Reached skill level 1 in Summonings
  2766 | D:3      | Reached XP level 5. HP: 28/28 MP: 9/14
  3190 | D:3      | Became a worshipper of Kikubaaqudgha
  3252 | D:4      | Noticed an ogre
  3280 | D:4      | Killed an ogre
  3281 | D:4      | Reached skill level 5 in Spellcasting
  3308 | D:4      | Found a staircase to the Ecumenical Temple.
  3357 | D:4      | Reached XP level 6. HP: 32/32 MP: 13/16
  3409 | D:4      | Found a stormy altar of Qazlal.
  3415 | D:4      | Learned a level 3 spell: Call Canine Familiar
  3485 | D:4      | Found a sand-covered staircase.
  3494 | Ossuary  | Entered an ossuary
  3666 | Ossuary  | Reached * piety under Kikubaaqudgha
  3666 | Ossuary  | Received a gift from Kikubaaqudgha
  3724 | Ossuary  | Reached XP level 7. HP: 31/36 MP: 16/19
  3932 | Ossuary  | Noticed a silent spectre
  4050 | D:4      | Found Pawnegi's Distillery.
  4517 | D:4      | Found a snail-covered altar of Cheibriados.
  4720 | D:4      | Bought a potion of invisibility for 96 gold pieces
  4720 | D:4      | Bought a potion of haste for 120 gold pieces
  4738 | D:5      | Entered Level 5 of the Dungeon
  4846 | D:5      | Found a blossoming altar of Fedhas.
  4873 | D:5      | Identified the +0 robe "Udwoy" {Harm rCorr Str+2 Int+2}
  4996 | D:5      | Reached skill level 5 in Summonings
  5199 | D:5      | Reached skill level 1 in Necromancy
  5199 | D:5      | Reached XP level 8. HP: 41/41 MP: 18/23
  5201 | D:5      | Learned a level 1 spell: Necrotise
  5203 | D:5      | Learned a level 1 spell: Kiss of Death
  5207 | D:5      | Learned a level 3 spell: Vampiric Draining
  5212 | D:5      | Learned a level 4 spell: Animate Dead
  5598 | D:6      | Reached ** piety under Kikubaaqudgha
  5697 | D:6      | Noticed an oklob plant
  5929 | D:6      | Reached skill level 5 in Necromancy
  6180 | D:6      | Reached skill level 10 in Spellcasting
  7146 | D:7      | Reached XP level 9. HP: 45/45 MP: 21/25
  7354 | D:7      | Found a shadowy altar of Dithmenos.
  7913 | D:8      | Found a flagged portal.
  7919 | D:8      | Reached skill level 5 in Dodging
  7978 | Bailey   | Entered a bailey
  8022 | Bailey   | Reached *** piety under Kikubaaqudgha
  8022 | Bailey   | Received a gift from Kikubaaqudgha
  8277 | Bailey   | Noticed a gargoyle
  8291 | Bailey   | Killed a gargoyle
  8460 | Bailey   | Identified the +2 cloak "Kuddinegiz" {Str+5}
  8619 | D:8      | Noticed Gastronok
  8735 | D:8      | Noticed a cyclops
  8735 | D:8      | Noticed a centaur warrior
  8743 | D:8      | Noticed a centaur warrior
  8743 | D:8      | Noticed a boulder beetle
  8743 | D:8      | Noticed a centaur warrior
  8744 | D:8      | Noticed a red ugly thing
  8745 | D:8      | Noticed a green ugly thing
  8829 | D:8      | Reached XP level 10. HP: 50/50 MP: 20/26
  8908 | D:8      | Found a transporter.
  8909 | D:8      | Noticed GreenGuy14's ghost (novice MiFi)
  8925 | D:8      | Found a transporter.
  9252 | D:9      | Found a staircase to the Orcish Mines.
  9269 | D:9      | Reached **** piety under Kikubaaqudgha
 10126 | D:9      | Reached skill level 10 in Summonings
 10127 | D:9      | Reached skill level 10 in Dodging
 10687 | D:9      | Reached skill level 10 in Necromancy
 10762 | D:9      | Reached ***** piety under Kikubaaqudgha
 10846 | D:10     | Entered Level 10 of the Dungeon
 10846 | D:10     | Noticed a two-headed ogre
 10881 | D:10     | Noticed Fannar
 10881 | D:10     | Noticed a two-headed ogre
 10928 | D:10     | Reached skill level 1 in Fighting
 10997 | D:10     | Reached XP level 11. HP: 53/56 MP: 17/27
 11135 | D:10     | Noticed a two-headed ogre
 11142 | D:10     | Killed a two-headed ogre
 11166 | D:10     | Killed a two-headed ogre
 11205 | D:10     | Killed Fannar
 11398 | D:10     | Noticed a two-headed ogre
 11410 | D:10     | Killed a two-headed ogre
 11411 | D:10     | Reached skill level 5 in Fighting
 11422 | D:10     | Found a staircase to the Lair.
 11441 | Lair:1   | Entered Level 1 of the Lair of Beasts
 11533 | Lair:1   | Reached XP level 12. HP: 68/68 MP: 28/28
 11541 | Lair:1   | Learned a level 6 spell: Summon Cactus Giant
 11550 | D:10     | Killed a two-headed ogre
 11764 | D:10     | Noticed Snorg
 11786 | D:10     | Killed Snorg
 11787 | D:10     | Reached skill level 5 in Short Blades
 12180 | D:10     | Found a hide-covered altar of Uskayaw.
 12300 | D:11     | Noticed Sonja
 12315 | D:11     | Killed Sonja
 12448 | D:11     | Found Locahosh's Pet Rocks.
 12559 | D:11     | Noticed a two-headed ogre
 12574 | D:11     | Killed a two-headed ogre
 12884 | D:11     | Noticed a two-headed ogre
 12890 | D:11     | Killed a two-headed ogre
 13169 | D:11     | Noticed a boulder beetle
 13185 | D:11     | Killed a boulder beetle
 13186 | D:11     | Reached XP level 13. HP: 72/72 MP: 18/29
 13558 | D:12     | Identified a scroll of acquirement
 13722 | D:12     | Found Dem Vem's Armour Shoppe.
 13821 | D:12     | Found a gate leading to a gauntlet.
 13845 | Gauntlet | Entered a Gauntlet
 13845 | Gauntlet | Found a transporter.
 13845 | Gauntlet | Found a transporter.
 13888 | Gauntlet | Found a transporter.
 13901 | Gauntlet | Found a transporter.
 13901 | Gauntlet | Found a transporter.
 13903 | Gauntlet | Found a transporter.
 13904 | Gauntlet | Found a transporter.
 13917 | Gauntlet | Found a transporter.
 13933 | Gauntlet | Found a transporter.
 13943 | Gauntlet | Found a transporter.
 13960 | Gauntlet | Found a transporter.
 13978 | Gauntlet | Found a transporter.
 13978 | Gauntlet | Found a transporter.
 13990 | Gauntlet | Found a transporter.
 14467 | Gauntlet | Noticed a minotaur
 14474 | Gauntlet | Killed a minotaur
 14858 | D:12     | Found a sacrificial altar of Ru.
 14934 | D:12     | Reached skill level 10 in Ice Magic
 15230 | D:13     | Noticed Maurice
 15248 | D:13     | Killed Maurice
 15775 | D:13     | Found a gate to the Vaults.
 16303 | D:14     | Noticed Azrael
 16303 | D:14     | Noticed Roxanne
 16884 | D:14     | Found a corrupted altar of Lugonu.
 16935 | D:14     | HP: 2/72 [Azrael/damnation (36)]
 16949 | D:14     | Killed from afar by Azrael

Illustrated notes

Levels and vault maps discovered:
D:1:      ncdulo_watergridlock, layout_basic, serial_shops, shop
D:2:      layout_basic, basic_altar
D:3:      layout_basic, mainiacjoe_overflow_alcove_2,
          nemelex_diamond_rough_becter
D:4:      layout_basic, mainiacjoe_overflow_surrounded_room,
          grunt_qazlal_clouds, minmay_temple_entry_large_hall,
          nicolae_ossuary_entry_monument, serial_shops, shop_statue
D:5:      layout_basic, overflow_temple_1_default, minivault_24
D:6:      lemuel_slime, layout_basic
D:7:      layout_basic, nicolae_dithmenos_the_darkroom, lightli_minifort
D:8:      layout_rooms, gammafunk_ghost_smash, enter_bailey_2, minivault_12,
          uniq_gastronok
D:9:      layout_long_grid, david_orc_1_choice
D:10:     layout_small_grid, mainiacjoe_overflow_alcove_4, david_lair_generic,
          serial_bayou_pond_c, serial_bayou_pond_a, grunt_decor_arrowhead,
          uniq_snorg, uniq_fannar
D:11:     layout_basic, guppyfry_shop_earth, uniq_sonja
D:12:     layout_roguey, gauntlet_entry_generic, serial_shops,
          kennysheep_mini_moat, hangedman_ru_absence
D:13:     layout_long_grid, david_vaults_2, uniq_maurice
D:14:     kennysheep_kobold_lugonu_temple, layout_gridville, serial_shops, shop,
          hangedman_decor_slide_cut, kb_rosetta, uniq_azrael, uniq_roxanne
Lair:1:   layout_regular_city

Skill      XL: |  1  2  3  4  5  6  7  8  9 10 11 12 13 |
---------------+----------------------------------------+-----
Ice Magic      | 5 6 12 | 12.8
Spellcasting   | 4 5 7 9 10 | 10.0
Summonings     | 1 3 4 6 8 10 13 | 13.3
Necromancy     | 1 7 10 13 | 13.0
Dodging        | 8 10 | 10.0
Fighting       | 1 5 |  5.0
Short Blades   | 4 5 |  5.0
Stealth        | |  2.4

Action                     |  1- 3 |  4- 6 |  7- 9 | 10-12 | 13-15 || total
---------------------------+-------+-------+-------+-------+-------++-------
  Melee: Spear             |     8 |    82 |    59 |       |       ||   149
         Punch             |       |     1 |     3 |     1 |     4 ||     9
         Trident           |       |       |    42 |   140 |   146 ||   328
   Cast: Freeze            |    61 |    36 |     9 |     1 |       ||   107
         Frozen Ramparts   |       |     8 |    39 |    41 |    21 ||   109
         Ozocubu's Armour  |       |     2 |    13 |    16 |     5 ||    36
         Call Canine Famil |       |     6 |    22 |    14 |    11 ||    53
         Summon Ice Beast  |       |       |    20 |    28 |    18 ||    66
         Necrotise         |       |       |    57 |    29 |     4 ||    90
         Animate Dead      |       |       |       |     6 |     3 ||     9
         Summon Cactus Gia |       |       |       |    13 |    29 ||    42
    Use: Scroll            |       |       |       |    11 |     9 ||    20
         Potion            |       |       |       |     1 |       ||     1
   Stab: Sleeping          |     2 |     2 |     1 |       |     1 ||     6
         Distracted        |       |     1 |     2 |     1 |     1 ||     5
 Armour: Robe              |     7 |    20 |    22 |       |       ||    49
         Leather armour    |       |       |     4 |    64 |    54 ||   122
  Dodge: Dodged            |    30 |    71 |   111 |   235 |   221 ||   668
